Map: Orbital Shipyard

Players

llllllllllll - Winner!

  • Race: Terran Terran
  • League: Master

Blazejwa

  • Race: Terran Terran
  • League: Master

VOD

Have the link to the VOD?

Description

Time

  • Played on: Jan. 22, 2016, 2:15 a.m.
  • Length: 14:27
Show
View Real Time Build Order
Export as new Build Order

llllllllllll Terran - Winner!

Build Orders: Liberator Opening, Reaper Expand, Mech 

Get SALT Encoding   

  12  0:01  SCV  
  13  0:13  SCV  
  14  0:18  Supply Depot  
  14  0:25  SCV  
  15  0:40  SCV  
  15  0:41  Barracks  
  16  0:46  Refinery  
  16  0:52  SCV  
  17  1:04  SCV  
  18  1:16  SCV  
  19  1:29  Orbital Command  
  19  1:32  Reaper  
  20  1:44  Command Center  
  20  1:55  Supply Depot, SCV  
  21  2:04  Reaper  
  21  2:07  SCV  
  23  2:12  Refinery  
  23  2:20  SCV  
  24  2:28  Factory  
  24  2:32  SCV  
  25  2:43  Barracks Reactor  
  25  2:44  SCV  
  25  2:56  SCV  
  27  3:00  Orbital Command  
  26  3:08  SCV  
  27  3:20  SCV  
  27  3:24  Hellion  
  27  3:25  Hellion, Barracks Tech Lab, Starport  
  32  3:28  SCV  
  32  3:32  SCV  
  34  3:34  Command Center  
  34  3:45  Hellion  
  34  3:46  Hellion  
  34  3:47  SCV  
  34  3:48  Liberator, SCV  
  40  3:54  Supply Depot  
  40  4:00  SCV  
  40  4:01  SCV  
  49  4:23  SCV  
  49  4:24  SCV  
  47  4:26  Factory  
  47  4:28  Infernal Pre-Igniter  
  47  4:29  Hellion  
  49  4:37  SCV x2  
  51  4:39  Refinery  
  51  4:40  Refinery  
  51  4:41  Barracks Reactor  
  51  4:48  Viking  
  51  4:50  Hellion  
  55  4:54  Orbital Command  
  55  4:57  Engineering Bay, SCV  
  55  4:58  SCV  
  57  5:10  SCV x2  
  59  5:15  Orbital Command  
  59  5:17  Hellion x3  
  65  5:22  SCV x2  
  68  5:35  Factory, SCV  
  68  5:42  Supply Depot x2  
  68  5:45  Viking x2  
  68  5:48  SCV x2  
  68  5:49  SCV  
  72  5:53  Missile Turret  
  72  5:55  Missile Turret  
  72  5:59  Missile Turret x2  
  72  6:01  Missile Turret  
  72  6:03  Missile Turret  
  72  6:09  SCV x3  
  75  6:13  Armory  
  75  6:14  Armory  
  75  6:24  Factory Tech Lab, SCV x2  
  77  6:26  SCV  
  77  6:29  Siege Tank  
  83  6:33  Hellion x2  
  83  6:36  SCV  
  83  6:38  Supply Depot x2  
  86  6:41  SCV x2  
  88  6:47  Siege Tank  
  88  6:48  Viking  
  93  6:59  SCV x2, Viking  
  96  7:13  Siege Tank  
  96  7:14  Hellion x2  
  96  7:20  Siege Tank  
  70  7:34  Viking  
  70  7:35  Hellion  
  70  7:36  Hellion  
  58  7:38  SCV x2  
  58  7:39  Missile Turret  
  56  7:45  Siege Tank, SCV  
  56  7:50  SCV x2  
  56  7:52  Siege Tank  
  56  7:56  Missile Turret  
  56  7:57  Hellion  
  56  7:58  SCV  
  62  8:02  SCV x2  
  64  8:10  SCV  
  65  8:14  Sensor Tower, SCV x2  
  65  8:15  Hellion  
  65  8:18  Siege Tank, Hellion  
  74  8:22  SCV  
  74  8:24  Siege Tank, Refinery  
  74  8:26  SCV  
  79  8:28  SCV  
  81  8:34  SCV  
  81  8:38  SCV  
  81  8:40  SCV  
  81  8:41  Hellion x2, Refinery, Viking x2  
  87  8:46  SCV  
  87  8:47  Supply Depot  
  92  8:49  Sensor Tower  
  92  8:50  Siege Tank, SCV  
  92  8:52  SCV  
  97  8:58  SCV  
  98  9:04  Sensor Tower  
  98  9:06  Missile Turret, SCV x2  
  100  9:16  Hellion x2  
  107  9:17  Medivac  
  107  9:24  Supply Depot  
  109  9:25  Medivac, Supply Depot, SCV x2  
  109  9:26  Hellion  
  109  9:27  Hellion  
  109  9:28  Terran Vehicle Weapons Level 1, Terran Vehicle And Ship Armor Level 1  
  114  9:33  Factory  
  114  9:35  Factory  
  114  9:39  SCV  
  114  9:40  SCV  
  116  9:51  Command Center  
  116  10:05  SCV x2  
  121  10:07  Siege Tank x2, Hellion  
  121  10:08  Hellion  
  121  10:09  Viking x2  
  132  10:17  SCV  
  132  10:20  Factory Tech Lab x2  
  128  10:44  Siege Tank  
  128  10:46  Hellion  
  133  10:50  Supply Depot  
  133  10:51  Factory  
  133  10:52  Factory  
  133  10:53  Supply Depot  
  133  11:02  Siege Tank x3  
  133  11:03  Hellion  
  144  11:10  Command Center  
  116  11:33  Siege Tank  
  116  11:34  Hellion x2, Siege Tank x3  
  130  11:53  Factory Tech Lab x2  
  128  11:56  SCV x2  
  128  11:57  Factory  
  128  11:58  Factory  
  128  12:01  Planetary Fortress  
  126  12:12  Siege Tank  
  126  12:13  Siege Tank x3  
  126  12:14  Hellion x2  
  126  12:15  Hellion x2  
  146  12:22  Refinery x2  
  146  12:25  Refinery  
  146  12:26  Missile Turret, Refinery  
  140  12:36  Hellion x2, Siege Tank x2  
  132  12:45  Hellion  
  132  12:49  Siege Tank x2  
  132  12:50  Hellion x3  
  143  12:57  Hellion x2  
  145  13:06  Hellion  
  147  13:15  Planetary Fortress  
  147  13:21  Command Center  
  150  13:34  Cyclone x3  
  156  13:42  Hellbat x3  
  156  13:43  Cyclone  
  153  14:00  Factory Tech Lab  
  149  14:03  Hellion x2  
  149  14:04  Factory Tech Lab  
  149  14:06  Hellion  
  149  14:09  Missile Turret  
  153  14:16  Refinery  
  162  14:20  Missile Turret  
  162  14:23  Supply Depot  
Show
View Real Time Build Order
Export as new Build Order

Blazejwa Terran 

Build Orders: Reaper Expand, MMM Bio 

Get SALT Encoding   

  12  0:01  SCV  
  13  0:13  SCV  
  14  0:18  Supply Depot  
  14  0:25  SCV  
  15  0:39  SCV  
  16  0:44  Barracks  
  16  0:46  Refinery  
  16  0:52  SCV  
  17  1:04  SCV  
  18  1:16  SCV  
  19  1:32  Orbital Command  
  19  1:34  Reaper  
  20  1:44  Command Center  
  20  1:58  Supply Depot  
  20  2:04  SCV  
  20  2:07  Reaper  
  22  2:14  Refinery  
  22  2:16  SCV  
  23  2:27  Factory  
  23  2:30  SCV  
  24  2:41  Barracks Reactor  
  24  2:42  SCV  
  25  2:55  SCV  
  26  2:59  Orbital Command  
  26  3:07  SCV  
  26  3:11  Starport, Barracks  
  27  3:15  Factory Tech Lab  
  27  3:19  SCV  
  28  3:21  Marine x2  
  28  3:26  SCV  
  31  3:34  Siege Tank  
  31  3:37  SCV  
  31  3:39  Marine x2, SCV  
  38  3:43  Supply Depot  
  38  3:49  Medivac, SCV  
  38  3:51  SCV  
  42  3:57  Marine x2  
  42  4:01  SCV  
  45  4:03  SCV  
  46  4:13  SCV  
  46  4:15  SCV  
  48  4:18  Factory Tech Lab  
  48  4:21  Stimpack  
  48  4:24  Supply Depot, Marine x3  
  48  4:25  SCV  
  52  4:31  Refinery  
  52  4:36  Command Center, SCV  
  52  4:37  SCV  
  54  4:46  Medivac, Marine x2  
  54  4:47  Marine  
  54  4:48  Supply Depot  
  59  4:53  Siege Tank  
  62  5:02  SCV  
  62  5:04  SCV  
  62  5:08  Bunker  
  62  5:10  Marauder, Marine x2  
  66  5:14  SCV  
  66  5:16  SCV  
  68  5:21  Medivac  
  68  5:22  Supply Depot  
  70  5:32  Refinery  
  70  5:33  Supply Depot  
  70  5:41  SCV  
  70  5:43  SCV  
  70  5:44  Siege Tank, Marine x3  
  70  5:48  Orbital Command, Supply Depot  
  74  5:53  SCV  
  74  5:55  SCV  
  76  5:58  Engineering Bay  
  76  5:59  Engineering Bay  
  76  6:03  Marine x3  
  79  6:05  SCV  
  79  6:06  Medivac  
  79  6:07  SCV  
  83  6:12  Supply Depot  
  83  6:22  Barracks  
  83  6:28  Combat Shields  
  83  6:29  Orbital Command, SCV x2  
  83  6:30  Marine  
  83  6:31  Marauder, Marine  
  83  6:32  Siege Tank  
  92  6:41  Terran Infantry Armor Level 1, Terran Infantry Weapons Level 1  
  92  6:48  Viking  
  92  6:50  Marine x2  
  96  6:56  SCV x2  
  96  6:57  Marine  
  92  7:25  Marauder, Marine x2  
  92  7:28  Orbital Command  
  83  7:37  Barracks Tech Lab  
  83  7:38  Siege Tank  
  83  7:39  Starport Reactor  
  84  7:46  Marine x2, Bunker  
  84  7:47  Marauder  
  84  7:49  Concussive Shells  
  82  7:55  Barracks, Armory  
  82  7:56  Barracks  
  81  8:02  SCV x2  
  81  8:03  SCV  
  81  8:05  Marauder, Marine x2  
  88  8:18  SCV x3  
  91  8:20  Refinery  
  91  8:21  Missile Turret  
  91  8:23  Missile Turret  
  91  8:30  Marine, SCV x3  
  91  8:31  Marine  
  91  8:32  Siege Tank, Marauder x2, Medivac x2  
  107  8:35  Supply Depot  
  107  8:37  Supply Depot  
  107  8:38  Supply Depot x2  
  107  8:42  SCV x2  
  107  8:45  Barracks Tech Lab  
  109  8:50  Barracks Reactor  
  109  8:56  Marine x2, SCV x2  
  103  9:04  Marauder x3  
  103  9:05  Medivac x2  
  113  9:11  Refinery  
  113  9:18  Command Center  
  113  9:21  Marine x2  
  115  9:24  Marine x2  
  117  9:33  Marine x2  
  117  9:34  Marauder  
  117  9:35  Siege Tank  
  124  9:43  Marauder, Supply Depot  
  124  9:45  Terran Infantry Weapons Level 2, Supply Depot, Terran Infantry Armor Level 2, SCV x3  
  129  9:46  Supply Depot x2  
  129  10:06  Marauder x3, Marine x3  
  138  10:27  Marauder  
  119  10:32  Marauder x2, Marine x2  
  109  10:49  Marauder  
  111  10:55  Starport x2  
  111  10:57  Starport  
  111  10:58  Starport  
  111  11:02  Bunker  
  111  11:04  Supply Depot x2  
  111  11:17  Marine x2  
  111  11:18  Marauder x3, Marine x2  
  78  11:35  Marine x3  
  78  11:36  Marine  
  78  11:38  Siege Tank, Medivac x2  
  78  11:39  Marauder x2  
  92  11:40  Marauder  
  90  11:53  Marine x4  
  90  11:56  Starport Tech Lab  
  90  11:58  Starport Tech Lab, Starport Reactor  
  90  12:00  Starport Tech Lab  
  90  12:01  Marauder x3  
  96  12:08  Supply Depot  
  96  12:11  Supply Depot, Marine x4  
  100  12:19  Command Center  
  100  12:22  Marauder x3  
  102  12:28  Marine  
  102  12:29  Marine x2  
  95  12:32  Marine  
  95  12:33  Siege Tank  
  95  12:34  Banshee  
  95  12:35  Raven, Banshee  
  88  12:43  Marauder, Marine  
  88  12:44  Marauder  
  70  12:46  Marine x2  
  70  12:47  Marine  
  70  12:50  Marine  
  68  12:53  Viking x2  
  71  13:02  Marauder  
  71  13:04  Marine x2  
  71  13:05  Siege Tank, Marauder x2, Marine  
  68  13:08  Marine  
  67  13:23  Marauder  
  67  13:26  Marauder x2  
  73  13:31  Viking x2  
  79  13:44  Marauder  
  79  13:48  Marauder  
Tags
 
Add a new tag
Caveats
  • Supply blocks, unpowered buildings, or Contaminate may cause inaccurate times.
  • Supply counts are checked every 10 seconds.